 Dungeon Crawl Stone Soup version 0.26-a0-597-gb535b0901c (webtiles) character file.

Game seed: 1462518481425300884

1677 Hores the Digger (level 9, 0/49 HPs)
             Began as a Gargoyle Earth Elementalist on Aug 27, 2020.
             Was an Initiate of Vehumet.
             Slain by a two-headed ogre
             ... wielding a +0 giant club
              (6 damage)
             ... on level 8 of the Dungeon.
             The game lasted 00:11:43 (6088 turns).

Hores the Digger (Gargoyle Earth Elementalist)      Turns: 6088, Time: 00:11:45

Health: 0/49       AC: 12    Str: 11    XL:     9   Next: 1%
Magic:  11/17      EV: 12    Int: 20    God:    Vehumet [......]
Gold:   317        SH:  5    Dex: 10    Spells: 10/19 levels left

rFire    . . .     SeeInvis .   k - +4 dagger (venom)
rCold    . . .     Faith    .   (no shield)
rNeg     + . .     Spirit   .   c - +0 robe
rPois    ∞         Reflect  +   (helmet restricted)
rElec    +         Harm     .   (no cloak)
rCorr    .         Rnd*Tele +   f - +1 pair of gloves
MR       .....                  (no boots)
Stlth    ++........             m - amulet of reflection
HPRegen  0.16/turn              r - ring of teleportation (curse)
MPRegen  0.15/turn              (no ring)

@: no status effects
A: horns 1, talons 1, yellow scales 1, negative energy resistance 1, electricity
resistance, unbreathing, petrification resistance, rot immunity, AC +6
a: Renounce Religion


You were on level 8 of the Dungeon.
You worshipped Vehumet.
Vehumet was noncommittal.
You visited 2 branches of the dungeon, and saw 9 of its levels.

You collected 317 gold pieces.

Inventory:

Hand Weapons
 i - a +0 mace
 j - a +1 short sword of speed
 k - a +4 dagger of venom (weapon)
Missiles
 b - 269 stones (quivered)
Armour
 c - a +0 robe (worn)
 f - a +1 pair of gloves (worn)
 p - a +1 helmet
Jewellery
 m - an amulet of reflection (around neck)
 r - a cursed ring of teleportation (left hand)
 x - an uncursed ring of ice
Wands
 h - a wand of random effects (24)
 z - a wand of disintegration (13)
 B - a wand of polymorph (6)
Scrolls
 a - 3 scrolls of identify
 e - 2 scrolls of enchant armour
 l - a scroll of magic mapping
 q - a scroll of fear
 u - 3 scrolls of remove curse
 v - 3 scrolls of teleportation
 y - a scroll of fog
Potions
 d - a potion of curing
 g - a potion of lignification
 n - 3 potions of brilliance
 o - a potion of resistance
 s - 2 potions of stabbing
 t - a potion of flight
 w - a potion of ambrosia


   Skills:
 + Level 2.3 Fighting
 + Level 2.2 Maces & Flails
 + Level 2.4 Armour
 + Level 2.5 Dodging
 - Level 2.1 Stealth
 + Level 5.5 Spellcasting
 + Level 5.5 Conjurations
   Level 0.7 Transmutations
 + Level 7.7 Earth Magic
 + Level 2.0 Evocations


You had 10 spell levels left.
You knew the following spells:

 Your Spells              Type           Power        Failure   Level
a - Sandblast             Erth           #####.       1%          1
b - Stone Arrow           Conj/Erth      ####..       2%          3
c - Lee's Rapid Deconstr  Erth           #####.....   13%         5

Your spell library contained the following spells:

 Spells                   Type           Power        Failure   Level
 Passwall                 Tmut/Erth      ###.....     3%          2
 Petrify                  Tmut/Erth      ###.....     19%         4


Dungeon Overview and Level Annotations

Branches:
Dungeon (8/15)             Temple (1/1) D:6
   Lair: D:8-11

Altars:
Ashenzari
Hepliaklqana
Ru
Vehumet
Xom


Innate Abilities, Weirdness & Mutations

You are resistant to torment.
Your stone body is resilient. (AC +6)
You are immune to poison.
You resist negative energy. (rN+)
You are resistant to electric shocks. (rElec)
You can survive without breathing.
You are immune to petrification.
You are immune to rotting.
You have a pair of small horns on your head.
You have sharp toenails.
You are partially covered in yellow scales. (AC +2)


Message History

Aiming: Sandblast (safe; 1% risk of failure)
Press: ? - help, Shift-Dir - straight line, f/p - two-headed ogre
Aim: a two-headed ogre, wielding a +0 giant club and a +0 giant spiked club (heavily wounded)
The blast of sand hits the two-headed ogre.
The two-headed ogre is severely wounded.
b - 270 stones The two-headed ogre hits you with a +0 giant club!!
The two-headed ogre hits you but does no damage.
Casting: Sandblast (safe; 1% risk of failure)
Confirm with . or Enter, or press ? or * to list all spells.
Aiming: Sandblast (safe; 1% risk of failure)
Press: ? - help, Shift-Dir - straight line, f/p - two-headed ogre
Aim: a two-headed ogre, wielding a +0 giant club and a +0 giant spiked club (severely wounded)
The blast of sand hits the two-headed ogre!
The two-headed ogre is severely wounded.
b - 269 stones The two-headed ogre hits you with a +0 giant club!!
* * * LOW HITPOINT WARNING * * *
The two-headed ogre hits you with a +0 giant spiked club.
You die...

#<# #.# #.# #.# #
### #.# [# #.#
#.###.#####.# #.#
#...†.......# #.#
#####.[...#####.##
#..# #####.#
##.#@#. ###...
#.###.###O.##....##
#....##
##........#####
#####.#
#....<..o.....F #.#
#........... #.#
#.......# ##
#...<.# ##...##
#####


You could see a two-headed ogre.

Vanquished Creatures
  A swamp worm (D:7)
  2 orc warriors
  2 ice beasts
  2 ogres
  A centaur (D:6)
  4 bullfrogs
  A vampire bat (D:3)
  A centaur zombie (D:6)
  A hound (D:8)
  4 orc priests
  3 orc wizards
  Jessica (D:2)
  4 worker ants
  A hound skeleton (D:5)
  Robin (D:2)
  6 adders
  5 gnolls
  2 shadow imps
  A white imp (D:7)
  An ooze (D:1)
  2 adder skeletons
  2 adder zombies (D:7)
  A worm (D:2)
  2 leopard geckos
  20 orcs
  14 bats
  3 giant cockroaches
  12 goblins
  6 hobgoblins
  9 kobolds
  3 quokkas
  A ball python (D:1)
  2 frilled lizards
  7 rats
128 creatures vanquished.

Vanquished Creatures (others)
  2 plants (D:7)
2 creatures vanquished.

Grand Total: 130 creatures vanquished

Notes
Turn   | Place    | Note
-------+----------+-------------------------------------------
     0 | D:1      | Hores the Gargoyle Earth Elementalist began the quest for
                  | the Orb.
     0 | D:1      | Reached XP level 1. HP: 10/10 MP: 3/3
    69 | D:1      | Reached skill level 4 in Earth Magic
    69 | D:1      | Reached XP level 2. HP: 15/15 MP: 0/5
   654 | D:1      | Reached XP level 3. HP: 17/19 MP: 4/6
   659 | D:1      | Learned a level 3 spell: Stone Arrow
   883 | D:2      | Noticed Jessica
   888 | D:2      | Killed Jessica
   888 | D:2      | Reached skill level 1 in Conjurations
   982 | D:2      | Reached XP level 4. HP: 12/24 MP: 5/8
  1355 | D:2      | Found a hazy altar of Hepliaklqana.
  1448 | D:2      | Noticed Robin
  1460 | D:2      | Killed Robin
  1720 | D:3      | Reached skill level 5 in Earth Magic
  2080 | D:3      | Reached XP level 5. HP: 27/28 MP: 9/9
  2089 | D:3      | Learned a level 5 spell: Lee's Rapid Deconstruction
  2455 | D:3      | Gained mutation: You have sharp toenails. [potion of
                  | mutation]
  2455 | D:3      | Gained mutation: You have a pair of small horns on your
                  | head. [potion of mutation]
  2455 | D:3      | Gained mutation: You are partially covered in yellow
                  | scales. (AC +2) [potion of mutation]
  2496 | D:3      | Reached XP level 6. HP: 21/32 MP: 11/11
  3129 | D:4      | Reached skill level 6 in Earth Magic
  3382 | D:5      | Entered Level 5 of the Dungeon
  3382 | D:5      | Noticed an ice beast
  3386 | D:5      | Killed an ice beast
  3386 | D:5      | Reached XP level 7. HP: 36/36 MP: 4/13
  3924 | D:5      | Reached skill level 5 in Spellcasting
  3924 | D:5      | Reached skill level 7 in Earth Magic
  4263 | D:6      | Found a shimmering altar of Xom.
  4268 | D:6      | Reached XP level 8. HP: 22/42 MP: 10/15
  4272 | D:6      | Reached skill level 5 in Conjurations
  4278 | D:6      | Reached skill level 1 in Fighting
  4278 | D:6      | Reached skill level 1 in Armour
  4374 | D:6      | Found a radiant altar of Vehumet.
  4381 | D:6      | Became a worshipper of Vehumet
  4418 | D:6      | Found a staircase to the Ecumenical Temple.
  4424 | Temple   | Entered the Ecumenical Temple
  4539 | D:6      | Reached skill level 1 in Maces & Flails
  4539 | D:6      | Reached skill level 1 in Evocations
  5230 | D:7      | Found a shattered altar of Ashenzari.
  5486 | D:7      | Found a sacrificial altar of Ru.
  6011 | D:8      | Noticed a two-headed ogre
  6068 | D:8      | Reached XP level 9. HP: 49/49 MP: 17/17
  6088 | D:8      | Slain by a two-headed ogre

Illustrated notes

Levels and vault maps discovered:
D:1:      sevenhm_arrival_forest_fort_small_4, layout_basic
D:2:      layout_rooms, lemuel_round_altar, uniq_jessica, uniq_robin
D:3:      layout_loops_cross, roderic_batcave
D:4:      layout_rooms, dk_noncrumbling_4
D:5:      layout_rooms
D:6:      layout_gridville, old_standard_altar, minmay_temple_entry_wispy,
          basic_altar, minmay_misc_feat_rows, grunt_decor_mini_mirrors,
          minmay_misc_feat_square, st_stairs_8
D:7:      layout_rooms, nicolae_ru_awakened_eye, overflow_temple_1_default,
          worms_lemuel
D:8:      layout_loops_ring, lightli_temple_of_fire,
          chequers_temple_overflow_minitemple, lair_entry_dummy, uniq_gastronok
Temple:   jpeg_temple_island

Skill      XL: |  1  2  3  4  5  6  7  8 |
---------------+-------------------------+-----
Earth Magic    | 4 5 6 7 |  7.7
Conjurations   | 1 2 3 4 5 |  5.5
Spellcasting   | 3 4 5 |  5.5
Fighting       | 2 |  2.3
Armour         | 2 |  2.4
Maces & Flails | 2 |  2.2
Evocations     | 2 |  2.0
Dodging        | 2 |  2.5
Stealth        | |  2.1
Transmutations | |  0.7

Action                   |  1- 3 |  4- 6 |  7- 9 || total
-------------------------+-------+-------+-------++-------
Melee: Unarmed           |     4 |       |       ||     4
       Dagger            |    35 |   171 |   140 ||   346
       Short sword       |     6 |       |       ||     6
       Headbutt          |       |     5 |    18 ||    23
       Kick              |       |    12 |    29 ||    41
 Cast: Sandblast         |    13 |    23 |    25 ||    61
       Lee's Rapid Decon |       |     1 |     3 ||     4
  Use: Scroll            |       |    15 |     3 ||    18
       Potion            |       |     2 |     4 ||     6
 Stab: Sleeping          |     1 |       |     1 ||     2
Armor: Robe              |    10 |    98 |    60 ||   168
Dodge: Dodged            |    35 |   138 |    73 ||   246
Block: Other             |       |     6 |    32 ||    38
       Reflection        |       |       |     2 ||     2

Table legend: (Time is in decaauts)
 A = Elapsed time spent in this place.
 B = Non-inter-level travel time spent in this place.
 C = Inter-level travel time spent in this place.
 D = Time resting spent in this place.
 E = Time spent auto-exploring this place.
 F = Levels seen in this place.
 G = Mean time per level.
                   A        B        C        D        E       F      G
               +--------+--------+--------+--------+--------+-----+--------+
         Total |   6120 |   5856 |    264 |   1293 |   3523 |   9 |  680.0 |
       Dungeon |   6118 |   5854 |    264 |   1293 |   3523 |   8 |  764.8 |
        Temple |      1 |      1 |      0 |      0 |      0 |   1 |    1.0 |
               +--------+--------+--------+--------+--------+-----+--------+

Top non-repeatable levels by time:
     D:3: 1178 daAuts
     D:7: 1055 daAuts
     D:1: 846 daAuts
     D:2: 830 daAuts
     D:4: 797 daAuts
     D:6: 782 daAuts
     D:5: 596 daAuts
     D:8: 31 daAuts
  Temple: 1 daAuts
